 Dungeon Crawl Stone Soup version 0.32-a0-660-g97ce250973 (webtiles) character file.

Game seed: 17386198451709436841

24 GeoRichter the Slasher (level 3, 4/27 HPs)
             Began as a Coglin Warper on Mar 9, 2024.
             Quit the game on level 2 of the Dungeon.
             The game lasted 00:00:50 (727 turns).

GeoRichter the Slasher (Coglin Warper)               Turns: 727, Time: 00:00:50

Health: 4/27       AC:  3    Str:  8 (11) XL:     3   Next: 2%
Magic:  5/5        EV: 11    Int:  9 (12) God:
Gold:   114        SH:  0    Dex: 13 (15) Spells: 5/5 levels left

rFire   . . .        a - +0 falchion {Prasit}
rCold   . . .        e - +0 dagger {Gloria}
rNeg    . . .        b - +0 leather armour
rPois   .            (no helmet)
rElec   .            (no cloak)
rCorr   .            (no gloves)
SInv    .            (no boots)
Will    .....        (amulet unavailable)
Stlth   +            (ring unavailable)
HPRegen 0.24/turn    (ring unavailable)
MPRegen 0.09/turn    (no gizmo)

%: no passive effects
@: lethally poisoned (4 -> -5), revved
A: off-hand wielding, slow wielding, warmup strikes, no jewellery
a: Invent Gizmo


You were on level 2 of the Dungeon.
You visited 1 branch of the dungeon, and saw 2 of its levels.

You collected 114 gold pieces.

Inventory:

Hand Weapons
 a - a +0 falchion (weapon) {Prasit}
 e - a +0 dagger (offhand) {Gloria}
Missiles
 d - 7 darts of dispersal (quivered) {!f}
Armour
 b - a +0 leather armour (worn)
Scrolls
 c - a scroll of blinking
 g - 2 scrolls of identify {unknown}
 h - a scroll of vulnerability {unknown}


   Skills:
 - Level 2.0 Fighting
 * Level 3.4 Long Blades
 - Level 0.8 Throwing
 - Level 0.8 Armour
 - Level 1.7 Dodging
 - Level 1.7 Spellcasting
 - Level 3.0 Translocations


You had 5 spell levels left.
You didn't know any spells.
Your spell library contained the following spells:

 Spells                   Type           Power      Damage    Failure   Level
 Blink                    Tloc           12%        N/A       22%         2
 Lesser Beckoning         Tloc           12%        N/A       22%         2
 Teleport Other           Tloc           6%         N/A       38%         3
 Manifold Assault         Tloc           6%         N/A       80%         4
 Passage of Golubria      Tloc           6%         N/A       80%         4
 Tukima's Dance           Hex            0%         N/A       82%         3
 Vhi's Electric Charge    Tloc/Air       6%         N/A       95%         4
 Yara's Violent Unravell  Hex/Alch       0%         3d3       100%        5


Dungeon Overview and Level Annotations

Branches:
Dungeon (2/15) Zot: 11271

Altars:
Xom


Innate Abilities, Weirdness & Mutations

You can wield a second weapon in your off-hand.
It takes a long time for you to wield or remove held weapons.
Your first few attacks do less damage.
You cannot equip rings or amulets.


Message History

Your brain swirls with designs for a neodymium gigasprocket.
You just need some more time...
HP restored.
You see here a +0 club.
An adder is nearby!
An adder is nearby!
The adder hisses angrily.
The ball python hisses angrily.
The adder closely misses you. The adder barely misses you.
You hit the adder but do no damage.
You hit the adder with your +0 falchion.
The adder bites you.
You are poisoned.
The adder poisons you!
You hit the adder with your +0 dagger.
The adder is moderately wounded.
You hit the adder with your +0 falchion.
You feel sick. The adder closely misses you. The ball python misses you.
The ball python closely misses you.
You barely miss the adder with your +0 falchion.
The adder is severely wounded.
You hit the adder but do no damage.
You feel sick. The adder barely misses you. The ball python bites you.
The ball python barely misses you. The adder bites you.
You hit the adder but do no damage.
The adder is severely wounded.
You hit the adder but do no damage.
You feel sick. The ball python barely misses you. The ball python grabs you.
The ball python constricts you. The adder bites you but does no damage.
The ball python bites you. The ball python constricts you.
You are too injured to fight recklessly!
Unknown command.
You escape the ball python's grasp.
You feel sick.
You closely miss the adder with your +0 falchion.
The adder is severely wounded.
You miss the adder with your +0 dagger.
You feel sick. The adder bites you.
* * * LOW HITPOINT WARNING * * *
You are more poisoned.
The adder poisons you! The adder bites you.
* * * LOW HITPOINT WARNING * * *
You are lethally poisoned!
The adder poisons you!
It was a potion of degeneration.
There was something very wrong with that liquid.
You feel weakened.
You feel dopey.
You feel clumsy.
* * * LOW HITPOINT WARNING * * *
You feel very sick. The adder bites you.
* * * LOW HITPOINT WARNING * * *
Autopickup is now off.
Are you sure you want to abandon this character and quit the game? (Confirm with "yes".)

##....#####..
##.....#
###.#.#...#
#...#...#...
#.#####.# ##
#.# .# #.# #
#)# #@# #S#
#.S# .....
#......#
#......#
#.....##
#.....#
#.....#


You could see an adder and a ball python.

Vanquished Creatures
  A ball python (D:1)
  2 bats (D:1)
  2 endoplasms (D:1)
  A giant cockroach (D:1)
  2 goblins
  A hobgoblin (D:1)
  2 jackals (D:1)
  3 quokkas (D:1)
  A frilled lizard (D:1)
  2 kobolds
  4 rats
21 creatures vanquished.

Notes
Turn   | Place    | Note
-------+----------+-------------------------------------------
     0 | D:1      | GeoRichter the Coglin Warper began the quest for the Orb.
     0 | D:1      | Reached XP level 1. HP: 16/16 MP: 3/3
   115 | D:1      | Reached XP level 2. HP: 22/22 MP: 4/4
   633 | D:2      | Found a shimmering altar of Xom.
   713 | D:2      | Reached XP level 3. HP: 26/27 MP: 5/5
   727 | D:2      | Quit the game

Illustrated notes

Levels and vault maps discovered:
D:1:      scummos_arrival_simple_fountains, layout_basic
D:2:      layout_rooms, basic_altar, hangedman_decor_push,
          kennysheep_generic_room_2

Skill      XL: |  1  2 |
---------------+-------+-----
Long Blades    | 3 |  3.4
Fighting       | |  2.0
Throwing       | |  0.8
Armour         | |  0.8
Dodging        | |  1.7
Spellcasting   | |  1.7
Translocations | |  3.0

Action                     || total
---------------------------++-------
  Melee: Dagger            ||    50
         Falchion          ||    49
    Use: Potion            ||     1
 Armour: Leather armour    ||    31
  Dodge: Dodged            ||    41

Table legend: (Time is in decaauts)
 A = Elapsed time spent in this place.
 B = Non-inter-level travel time spent in this place.
 C = Inter-level travel time spent in this place.
 D = Time resting spent in this place.
 E = Time spent auto-exploring this place.
 F = Levels seen in this place.
 G = Mean time per level.
                   A        B        C        D        E       F      G
               +--------+--------+--------+--------+--------+-----+--------+
         Total |    728 |    718 |     10 |      0 |    573 |   2 |  364.0 |
       Dungeon |    728 |    718 |     10 |      0 |    573 |   2 |  364.0 |
               +--------+--------+--------+--------+--------+-----+--------+

Top non-repeatable levels by time:
     D:1: 621 daAuts
     D:2: 106 daAuts
